 Dungeon Crawl Stone Soup version 0.21.1-1-g345015f (webtiles) character file.

14045 cultivahabas the Grappler (level 11, -8/111 HPs)
             Began as a Troll Monk on May 11, 2018.
             Was a High Priest of Nemelex Xobeh.
             Splashed by an acid dragon's acid (12 damage)
             ... on level 11 of the Dungeon.
             The game lasted 00:30:58 (9307 turns).

cultivahabas the Grappler (Troll Monk)              Turns: 9307, Time: 00:31:00

Health: -8/111     AC: 18    Str: 21    XL:     11   Next: 83%
Magic:  16/16      EV:  9    Int:  6    God:    Nemelex Xobeh [*****.]
Gold:   693        SH:  0    Dex: 18    Spells: 10/10 levels left

rFire    + + .     SeeInvis .     - Unarmed
rCold    + . .     Gourm    +   (no shield)
rNeg     + . .     Faith    .   d - +4 pearl dragon scales
rPois    .         Spirit   .   (helmet restricted)
rElec    .         Reflect  .   I - +2 cloak
rCorr    .         Harm     .   (gloves unavailable)
MR       .....                  (boots unavailable)
Stlth    ..........             D - amulet of regeneration
HPRegen  1.08/turn              N - ring "Cequy" {rF++ rC+ Dex+3}
MPRegen  0.15/turn              (no ring)

@: corroded, berserk cooldown, very slightly contaminated, slowed, very slow
A: large, unfitting armour, claws 3, fast metabolism 3, gourmand, regeneration
1, shaggy fur 1, tough skin 2
a: Triple Draw, Deal Four, Stack Five, Renounce Religion


You were on level 11 of the Dungeon.
You worshipped Nemelex Xobeh.
Nemelex Xobeh was extremely pleased with you.
You were very full.

You visited 2 branches of the dungeon, and saw 12 of its levels.

You collected 693 gold pieces.

Inventory:

Missiles
 e - 267 stones (quivered)
Armour
 d - +4 pearl dragon scales (worn)
 I - a +2 cloak (worn)
Jewellery
 j - an uncursed ring of magical power
 x - an uncursed ring of ice
 D - an amulet of regeneration (around neck)
 N - the ring "Cequy" (left claw) {rF++ rC+ Dex+3}
   (You acquired it on level 11 of the Dungeon)

   [ring of dexterity]

   It affects your dexterity (+3).
   It greatly protects you from fire.
   It protects you from cold.
Wands
 m - a wand of paralysis (15)
 o - a wand of disintegration (10)
 p - a wand of iceblast (4)
 M - a wand of acid (15)
Scrolls
 a - 2 scrolls of identify
 c - 3 scrolls of teleportation
 h - a scroll of blinking
 i - 8 scrolls of remove curse
 v - 3 scrolls of enchant weapon
 K - a scroll of summoning
Potions
 f - a potion of haste {unknown}
 k - 2 potions of agility
 l - 4 potions of heal wounds
 n - 3 potions of might
 q - a potion of degeneration {unknown}
 r - 2 potions of berserk rage
 s - 9 potions of curing
 t - 2 potions of ambrosia
 u - 2 potions of magic
 B - a potion of invisibility {unknown}
 F - a potion of cancellation {unknown}
 G - a potion of brilliance {unknown}
Books
 H - a book of Air

   Spells                             Type                      Level
   a - Shock                          Conjuration/Air              1
   b - Swiftness                      Charms/Air                   2
   c - Static Discharge               Conjuration/Air              3
   d - Airstrike                      Air                          4
   e - Lightning Bolt                 Conjuration/Air              5
Miscellaneous
 g - a plain deck of summoning {drawn: 4}
 w - a plain deck of destruction
 y - an ornate deck of destruction
 z - an ornate deck of destruction
 A - a plain deck of summoning
 C - a plain deck of destruction {drawn: 1}
 E - a plain deck of escape
 J - a legendary deck of destruction {drawn: 1}
Comestibles
 b - 25 rations
 L - 12 chunks of flesh


   Skills:
 - Level 8.0 Fighting
 - Level 1.0 Throwing
 + Level 5.3 Armour
 - Level 2.4 Dodging
 - Level 1.0 Stealth
 * Level 13.0 Unarmed Combat
 + Level 8.2 Invocations


You had 10 spell levels left.
You didn't know any spells.

Dungeon Overview and Level Annotations

Branches:
Dungeon (11/15)            Temple (1/1) D:4            Lair (0/6) D:8
    Orc: D:9-12

Altars:
Ashenzari
Cheibriados
Dithmenos
Elyvilon
Fedhas
Gozag
Hepliaklqana
Kikubaaqudgha
Makhleb
Nemelex Xobeh
Okawaru
Qazlal
Ru
Sif Muna
Trog
Uskayaw
Vehumet
Wu Jian
Xom
Yredelemnul
Zin
The Shining One


Innate Abilities, Weirdness & Mutations

You are too large for most types of armour.
You have claws for hands.
Your metabolism is lightning-fast.
You like to eat raw meat.
Your natural rate of healing is unusually fast.
You are covered in fur. (AC +1)
You have very tough skin. (AC +2)


Message History

You are exhausted.
You feel yourself slow down. Something hits you.
* * * LOW HITPOINT WARNING * * *
Cultivahabas's illusion hits Snorg!!
Snorg dies!
Your Unarmed Combat skill increases to level 13!
Blink to where?
Press: ? - help, Dir - move target cursor You are very lightly contaminated with residual magic.
As you read the scroll of blinking, it crumbles to dust.
Something hits you but does no damage. Something hits you!
* * * LOW HITPOINT WARNING * * *
Something hits you but does no damage. The acid dragon spits acid at you.
The splash of acid hits you!
* * * LOW HITPOINT WARNING * * *
You are splashed with acid!
The acid burns!
You die...
Your body disappears without a glow.

#.....#....#.# #..@..#....#..
#+######.....######..
.........D...........
..................... .# #....
####......######'#.... #.#
#...####..#......#......#....
.#.##...#.....#.....)#......#....
.#.#...#.....#.@....#......#....
.##....#.....#......#'######....
##.#....#.....#.......[..........
#..#....#.....#..########.......#
#..#....####'##..# ....
.##).............# ...
#..............# ..
#..............# .
#..............#


You could see an acid dragon and the friendly cultivahabas's illusion.

Vanquished Creatures
  Fannar (D:10)
  Erica (D:10)
  4 two-headed ogres
  The ghost of Falque the Blocker, a novice DDFi of Makhleb (D:10)
  The ghost of Rhok the Conjurer, a novice DrCj (D:7)
  Pikel (D:7)
  Maurice (D:8)
  The ghost of jerryfan the Slasher, a novice GnWn (D:5)
  A komodo dragon (D:8)
  2 trolls
  3 hippogriffs
  A shadow (D:11)
  A spriggan (D:10)
  4 wyverns
  4 humans (D:6)
  2 acid dragons
  A sky beast (D:10)
  3 black bears
  5 ice beasts
  2 orc warriors
  A phantom (D:4)
  6 ogres
  4 centaurs
  2 crocodiles (D:8)
  A big kobold (D:9)
  3 bullfrogs
  Blork the orc (D:6)
  A wyvern zombie (D:11)
  A water moccasin zombie (D:8)
  2 scorpions
  13 wights
  2 vampire bats (D:5)
  A quasit (D:7)
  A bullfrog zombie (D:11)
  4 hounds
  3 jellies (D:10)
  5 orc wizards
  A centaur skeleton (D:11)
  3 orc priests
  3 bullfrog skeletons
  2 iguanas
  6 worker ants
  A hound zombie (D:5)
  A worker ant zombie (D:6)
  10 adders
  3 shadow imps
  An ooze (D:1)
  An adder zombie (D:7)
  An adder skeleton (D:7)
  4 worms
  2 dart slugs
  8 leopard geckos
  22 orcs
  5 giant cockroaches
  5 goblins
  4 hobgoblins
  13 jackals
  10 kobolds
  3 quokkas
  11 bats
  2 frilled lizards
  6 rats
219 creatures vanquished.

Vanquished Creatures (collateral kills)
  Snorg (D:11)
  A hippogriff (shapeshifter) (D:11)
  A hungry ghost (D:7)
  A sky beast (D:7)
  A centaur (D:10)
  A scorpion (D:11)
6 creatures vanquished.

Vanquished Creatures (others)
  A porcupine (D:10)
  An ogre (D:10)
  An adder (D:8)
3 creatures vanquished.

Grand Total: 228 creatures vanquished

Notes
Turn   | Place    | Note
-------+----------+-------------------------------------------
     0 | D:1      | cultivahabas the Troll Monk began the quest for the Orb.
     0 | D:1      | Reached XP level 1. HP: 22/22 MP: 0/0
   357 | D:1      | Reached XP level 2. HP: 29/29 MP: 1/1
   937 | D:2      | Found an ancient bone altar of Kikubaaqudgha.
   940 | D:2      | Reached XP level 3. HP: 33/36 MP: 2/2
   955 | D:2      | Reached skill level 4 in Unarmed Combat
  1286 | D:2      | Found a faded altar of an unknown god.
  1286 | D:2      | Found a hide-covered altar of Uskayaw.
  1313 | D:2      | Found a hazy altar of Hepliaklqana.
  1317 | D:2      | Found a snail-covered altar of Cheibriados.
  1319 | D:2      | Found a shimmering altar of Xom.
  1322 | D:2      | Found a faded altar of an unknown god.
  1346 | D:2      | Found an iron altar of Okawaru.
  1838 | D:3      | You fall through a shaft for 2 floors!
  1838 | D:5      | Entered Level 5 of the Dungeon
  1857 | D:5      | Reached XP level 4. HP: 43/44 MP: 3/3
  1923 | D:5      | Reached skill level 5 in Unarmed Combat
  1973 | D:5      | Noticed jerryfan's ghost (novice GnWn)
  1996 | D:5      | Killed jerryfan's ghost
  1996 | D:5      | Reached skill level 6 in Unarmed Combat
  1996 | D:5      | Reached XP level 5. HP: 11/53 MP: 4/4
  1996 | D:5      | Reached XP level 6. HP: 13/61 MP: 5/5
  2389 | D:5      | Reached skill level 7 in Unarmed Combat
  2548 | D:5      | Found the +4 Vampire's Tooth {vamp}
  2561 | D:5      | Reached XP level 7. HP: 66/67 MP: 6/6
  2728 | D:4      | Reached skill level 8 in Unarmed Combat
  3149 | D:4      | Found a blossoming altar of Fedhas.
  3327 | D:4      | Found a staircase to the Ecumenical Temple.
  3343 | Temple   | Entered the Ecumenical Temple
  3373 | Temple   | Became a worshipper of Nemelex Xobeh the Trickster
  3373 | Temple   | Received a gift from Nemelex Xobeh
  3373 | Temple   | Reached * piety under Nemelex Xobeh
  3373 | Temple   | Received a gift from Nemelex Xobeh
  3373 | Temple   | Received a gift from Nemelex Xobeh
  3373 | Temple   | Reached ** piety under Nemelex Xobeh
  3557 | D:4      | Reached skill level 9 in Unarmed Combat
  3577 | D:4      | Reached skill level 1 in Throwing
  3577 | D:4      | Reached XP level 8. HP: 50/75 MP: 7/7
  3689 | D:4      | Found a bloodstained altar of Trog.
  3922 | D:4      | Found a glowing golden altar of the Shining One.
  4292 | D:3      | Received a gift from Nemelex Xobeh
  5156 | D:6      | Found a deep blue altar of Sif Muna.
  5263 | D:6      | Reached *** piety under Nemelex Xobeh
  5528 | D:6      | Reached skill level 1 in Invocations
  5563 | D:6      | Reached skill level 10 in Unarmed Combat
  5767 | D:6      | Noticed Blork the orc
  5786 | D:6      | Killed Blork the orc
  6067 | D:7      | Received a gift from Nemelex Xobeh
  6087 | D:7      | Reached XP level 9. HP: 83/85 MP: 10/10
  6118 | D:7      | Noticed Rhok's ghost (novice DrCj)
  6132 | D:7      | Killed Rhok's ghost
  6132 | D:7      | Reached skill level 5 in Fighting
  6136 | D:7      | Reached skill level 11 in Unarmed Combat
  6138 | D:7      | Found an opulent altar of Gozag.
  6535 | D:7      | Noticed Pikel
  6571 | D:7      | Received a gift from Nemelex Xobeh
  6587 | D:7      | Killed Pikel
  6828 | D:8      | Reached **** piety under Nemelex Xobeh
  7004 | D:8      | Reached XP level 10. HP: 87/98 MP: 12/12
  7081 | D:8      | Received a gift from Nemelex Xobeh
  7203 | D:8      | Noticed Maurice
  7214 | D:8      | Killed Maurice
  7214 | D:8      | Reached skill level 12 in Unarmed Combat
  7214 | D:8      | Reached skill level 5 in Invocations
  7239 | D:8      | Identified a scroll of acquirement
  7310 | D:8      | You fall through a shaft!
  7330 | D:9      | Reached skill level 1 in Armour
  7589 | D:9      | Noticed a two-headed ogre
  7599 | D:9      | Killed a two-headed ogre
  7684 | D:9      | Found a sparkling altar of Nemelex Xobeh.
  8137 | D:8      | Found a staircase to the Lair.
  8302 | D:10     | Entered Level 10 of the Dungeon
  8306 | D:10     | Noticed Falque's ghost (novice DDFi)
  8319 | D:10     | Killed Falque's ghost
  8319 | D:10     | Reached skill level 5 in Armour
  8319 | D:10     | Reached XP level 11. HP: 94/109 MP: 14/14
  8321 | D:10     | Noticed Fannar
  8330 | D:10     | Killed Fannar
  8643 | D:10     | Received a gift from Nemelex Xobeh
  8699 | D:10     | Noticed Erica
  8713 | D:10     | Killed Erica
  9097 | D:11     | Noticed a two-headed ogre
  9102 | D:11     | Killed a two-headed ogre
  9111 | D:11     | Received a gift from Nemelex Xobeh
  9127 | D:11     | Noticed a two-headed ogre
  9133 | D:11     | Killed a two-headed ogre
  9160 | D:11     | Noticed a two-headed ogre
  9171 | D:11     | Killed a two-headed ogre
  9217 | D:11     | Got a sparkling lapis lazuli ring
  9218 | D:11     | Identified the ring "Cequy" {rF++ rC+ Dex+3} (You acquired it on level 11 of the Dungeon)
  9219 | D:11     | Reached ***** piety under Nemelex Xobeh
  9241 | D:11     | Noticed Snorg
  9305 | D:11     | Killed Snorg
  9305 | D:11     | Reached skill level 13 in Unarmed Combat
  9307 | D:11     | HP: 4/111 [acid dragon/splash of acid (6)]
  9307 | D:11     | Splashed by an acid dragon's acid

Skill      XL: |  1  2  3  4  5  6  7  8  9 10 11 |
---------------+----------------------------------+-----
Unarmed Combat | 4 6 7 9 10 11 12 13 | 13.0
Fighting       | 3 4 5 7 8 |  8.0
Throwing       | 1 |  1.0
Invocations    | 2 4 6 8 |  8.2
Armour         | 5 |  5.3
Dodging        | |  2.4
Stealth        | |  1.0

Action                   |  1- 3 |  4- 6 |  7- 9 | 10-12 || total
-------------------------+-------+-------+-------+-------++-------
Melee: Unarmed           |    90 |    54 |   292 |   273 ||   709
       Punch             |       |     1 |    15 |    15 ||    31
Throw: Stone             |       |    14 |    36 |    25 ||    75
Invok: Triple Draw       |       |       |       |     2 ||     2
Evoke: Deck              |       |       |     1 |    10 ||    11
       Wand              |       |       |       |     1 ||     1
  Use: Scroll            |       |       |    12 |    15 ||    27
       Potion            |       |       |       |     4 ||     4
 Stab: Sleeping          |     5 |     1 |     3 |       ||     9
       Distracted        |       |       |     2 |       ||     2
  Eat: Chunk             |    22 |     7 |    41 |    20 ||    90
Armor: Robe              |    31 |    23 |    60 |     4 ||   118
       Pearl dragon scal |       |       |       |   214 ||   214
Dodge: Dodged            |    37 |    35 |   116 |   106 ||   294
